 Dungeon Crawl Stone Soup version 0.29-a0-1019-g84f7d21838 (webtiles) character file.

Game seed: 14615758261478911025

101 Manisian the Chopper (level 4, -5/37 HPs)
             Began as a Minotaur Gladiator on Aug 10, 2022.
             Slain by an iguana (10 damage)
             ... on level 3 of the Dungeon.
             The game lasted 00:02:04 (2180 turns).

Manisian the Chopper (Minotaur Gladiator)           Turns: 2180, Time: 00:02:04

Health: -5/37      AC:  4    Str: 20    XL:     4   Next: 48%
Magic:  3/3        EV: 13    Int:  5    God:
Gold:   214        SH:  0    Dex: 12    Spells: 3/3 levels left

rFire   . . .      SeeInvis .   a - +0 war axe
rCold   . . .      Faith    .   (no shield)
rNeg    . . .      Spirit   .   b - +0 leather armour
rPois   .          Reflect  .   c - +0 hat
rElec   .          Harm     .   (no cloak)
rCorr   +          Rampage  .   h - +0 pair of gloves
Will    .....                   (no boots)
Stlth   +.........              (no amulet)
HPRegen 0.12/turn               m - ring of resist corrosion
MPRegen 0.08/turn               (no ring)

@: no status effects
A: horns 2, retaliatory headbutt
a: no special abilities


You were on level 3 of the Dungeon.
You visited 1 branch of the dungeon, and saw 3 of its levels.

You collected 214 gold pieces.

Inventory:

Hand Weapons
 a - a +0 war axe (weapon)
Missiles
 d - 3 throwing nets (quivered)
 e - a javelin
Armour
 b - a +0 leather armour (worn)
 c - a +0 hat (worn)
 h - a +0 pair of gloves (worn)
Jewellery
 m - a ring of resist corrosion (left hand)
Wands
 o - a wand of flame (24)
Scrolls
 f - 2 scrolls of amnesia
 l - a scroll of butterflies
 n - a scroll of enchant weapon {unknown}
Potions
 g - 3 potions of curing
 i - a potion of lignification
 j - a potion of haste {unknown}
 k - a potion of heal wounds


   Skills:
 + Level 2.8 Fighting
 + Level 5.2 Axes
 + Level 2.0 Throwing
 + Level 1.3 Armour
 + Level 4.1 Dodging
 + Level 0.3 Stealth


You had 3 spell levels left.
You didn't know any spells.
Your spell library contained the following spells:

 Spells                   Type           Power      Damage    Failure   Level
 Magic Dart               Conj           0%         1d3       54%         1
 Call Imp                 Summ           0%         N/A       67%         2
 Dazzling Flash           Conj/Hex       0%         N/A       88%         3
 Mephitic Cloud           Conj/Pois/Air  0%         N/A       88%         3
 Iskenderun's Mystic Bla  Conj/Tloc      0%         2d3       99%         4
 Passage of Golubria      Tloc           0%         N/A       99%         4
 Silence                  Hex/Air        0%         N/A       100%        5
 Starburst                Conj/Fire      0%         6d3       100%        6
 Lehudib's Crystal Spear  Conj/Erth      0%         10d2      100%        8


Dungeon Overview and Level Annotations

Branches:
Dungeon (3/15)

Altars:

Shops:
D:3 (


Innate Abilities, Weirdness & Mutations

You have a pair of horns on your head.
You reflexively headbutt those who attack you in melee.


Message History

A ball python comes into view.
You hit the orc.
The orc is lightly wounded.
The orc barely misses you. The orc hits you with a +0 short sword.
An iguana comes into view.
You slash the orc!
You kill the orc!
You hit the rat.
You kill the rat!
You slash the frilled lizard!
You kill the frilled lizard!
You closely miss the ball python. Your headbutt misses the ball python.
The ball python misses you. The ball python barely misses you.
You closely miss the iguana.
You headbutt the iguana, but do no damage.
You slash the ball python!
You kill the ball python!
The iguana barely misses you. You furiously retaliate!
You headbutt the iguana. The iguana bites you!
You hit the iguana but do no damage. Your headbutt misses the iguana.
The iguana is lightly wounded.
The iguana closely misses you.
You hit the iguana but do no damage.
The iguana is lightly wounded.
The iguana bites you.
You hit the iguana. Your headbutt misses the iguana.
The iguana is moderately wounded.
The iguana bites you! The iguana barely misses you.
You closely miss the iguana.
The iguana is moderately wounded.
The iguana barely misses you. You furiously retaliate!
You headbutt the iguana! You hit the iguana but do no damage.
Your headbutt misses the iguana.
The iguana is severely wounded.
The iguana bites you!
* * * LOW HITPOINT WARNING * * *
You hit the iguana but do no damage.
You headbutt the iguana, but do no damage.
The iguana is severely wounded.
The iguana bites you!
You die...

#....†........# #
##..############ #
....# # #.(.# ####### #
#...# ##.....### #..)##
#..###.)# ######..:.#
#.##)##.# $).....†..#
#.')..#.## #.....@(.#
###.##.##...
#.###l#..###....#'#####
#?#..##.#####.##..#
..#..#.##...)#†..).
####..#.#.....##)...
#....#|....###..#
#.##.#.....#.####
#.##.##...##.....
#.###.#####.###.†


You could see an iguana.

Vanquished Creatures
  3 adders
  A white imp (D:3)
  An orc (D:3)
  4 endoplasms
  3 giant cockroaches
  7 goblins
  8 hobgoblins
  3 jackals (D:2)
  3 quokkas (D:3)
  6 ball pythons
  4 bats
  5 frilled lizards
  8 kobolds
  5 rats
61 creatures vanquished.

Notes
Turn   | Place    | Note
-------+----------+-------------------------------------------
     0 | D:1      | Manisian the Minotaur Gladiator began the quest for the
                  | Orb.
     0 | D:1      | Reached XP level 1. HP: 18/18 MP: 0/0
   340 | D:1      | Reached XP level 2. HP: 25/25 MP: 1/1
   535 | D:1      | Found a faded altar of an unknown god.
   602 | D:1      | Reached skill level 4 in Axes
  1017 | D:2      | Reached XP level 3. HP: 27/30 MP: 2/2
  1646 | D:3      | Found Xuysch's Weapon Boutique.
  1831 | D:3      | Reached skill level 1 in Armour
  1831 | D:3      | Reached XP level 4. HP: 37/37 MP: 3/3
  2080 | D:3      | Reached skill level 5 in Axes
  2180 | D:3      | Slain by an iguana

Illustrated notes

Levels and vault maps discovered:
D:1:      dpeg_arrival_morbid_curiosity, layout_basic,
          dreamdust_ecumenical_altar_statues
D:2:      layout_basic, kennysheep_cluttered_room
D:3:      layout_loops_ring, serial_shops, shop, minmay_joined_circles

Skill      XL: |  1  2  3  4 |
---------------+-------------+-----
Axes           | 4 5 |  5.2
Armour         | 1 |  1.3
Dodging        | 4 |  4.1
Fighting       | |  2.8
Throwing       | |  2.0
Stealth        | |  0.3

Action                   |  1- 3 |  4- 6 || total
-------------------------+-------+-------++-------
Melee: War axe           |    67 |    41 ||   108
       Headbutt          |    13 |     4 ||    17
  Use: Scroll            |     6 |       ||     6
Armor: Leather armour    |    22 |    10 ||    32
Dodge: Dodged            |    50 |    26 ||    76

Table legend: (Time is in decaauts)
 A = Elapsed time spent in this place.
 B = Non-inter-level travel time spent in this place.
 C = Inter-level travel time spent in this place.
 D = Time resting spent in this place.
 E = Time spent auto-exploring this place.
 F = Levels seen in this place.
 G = Mean time per level.
                   A        B        C        D        E       F      G
               +--------+--------+--------+--------+--------+-----+--------+
         Total |   2208 |   2099 |    109 |      0 |   1772 |   3 |  736.0 |
       Dungeon |   2208 |   2099 |    109 |      0 |   1772 |   3 |  736.0 |
               +--------+--------+--------+--------+--------+-----+--------+

Top non-repeatable levels by time:
     D:1: 850 daAuts
     D:2: 749 daAuts
     D:3: 608 daAuts
